 Dungeon Crawl Stone Soup version 0.21.1-1-g345015fe64 (webtiles) character file.

1018 Naru the Cleaver (level 8, 0/71 HPs)
             Began as a Hill Orc Monk on June 21, 2018.
             Was a Believer of Beogh.
             Slain by Pikel
             ... wielding a +2 whip of freezing
              (1 damage)
             ... on level 5 of the Dungeon.
             The game lasted 00:10:14 (5858 turns).

Naru the Cleaver (Hill Orc Monk)                    Turns: 5858, Time: 00:10:14

Health: 0/71       AC:  7    Str: 14    XL:     8   Next: 22%
Magic:  8/8        EV: 15    Int: 12    God:    Beogh [**....]
Gold:   145        SH:  0    Dex: 18    Spells: 7/7 levels left

rFire    + . .     SeeInvis .   q - +1 war axe
rCold    x . .     Gourm    .   (no shield)
rNeg     . . .     Faith    .   a - +0 scale mail
rPois    .         Spirit   .   t - +0 helmet
rElec    .         Reflect  .   (no cloak)
rCorr    .         Harm     .   (no gloves)
MR       .....                  (no boots)
Stlth    ++........             i - amulet of magic regeneration
HPRegen  0.21/turn              k - ring of fire
MPRegen  0.36/turn              (no ring)

@: agile, drained
A: no striking features
a: Smiting, Renounce Religion


You were on level 5 of the Dungeon.
You worshipped Beogh.
Beogh was pleased with you.
You were not hungry.

You visited 1 branch of the dungeon, and saw 5 of its levels.

You collected 145 gold pieces.

Inventory:

Hand Weapons
 e - a cursed -2 spear
 q - a +1 war axe (weapon)
Armour
 a - a +0 scale mail (worn)
 b - a +0 robe
 t - a +0 helmet (worn)
Jewellery
 i - an amulet of magic regeneration (around neck)
 k - a ring of fire (left hand)
Scrolls
 d - 3 scrolls of amnesia
 g - a scroll of identify
 h - a scroll of magic mapping
 j - a scroll of fog
 m - a scroll of remove curse
Potions
 f - a potion of cancellation
 l - a potion of agility
 n - a potion of curing {unknown}
 o - a potion of ambrosia {unknown}
 p - a potion of might {unknown}
 r - a potion of berserk rage
Books
 s - a book of Cantrips

   Spells                             Type                      Level
   a - Confusing Touch                Hexes                        1
   b - Animate Skeleton               Necromancy                   1
   c - Summon Small Mammal            Summoning                    1
   d - Apportation                    Translocation                1
Comestibles
 c - 4 rations


   Skills:
 * Level 6.8(6.2) Fighting
 * Level 9.9(9.2) Axes
 + Level 2.4(1.9) Armour
 + Level 3.4(2.8) Dodging
 - Level 1.5(1.0) Stealth


You had 7 spell levels left.
You didn't know any spells.

Dungeon Overview and Level Annotations

Branches:
Dungeon (5/15)
 Temple: D:4-7

Altars:
Cheibriados
Kikubaaqudgha
Qazlal
The Shining One

Annotations:
D:5 Pikel


Message History

Pikel closely misses you.
You closely miss Pikel.
Pikel is almost dead.
Pikel barely misses you.
You barely miss Pikel.
Pikel is almost dead.
Pikel hits you but does no damage.
Your scale mail prevents you from hitting Pikel.
Pikel is almost dead.
Pikel hits you with a whip of freezing.
* * * LOW HITPOINT WARNING * * *
Pikel freezes you.
* * * LOW HITPOINT WARNING * * *
Unknown command.
You closely miss Pikel.
Pikel is almost dead.
Pikel hits you with a whip of freezing.
* * * LOW HITPOINT WARNING * * *
Pikel freezes you.
You die...

#####.###..# ##.#
#.# #..##### #..#
#####.# #......#
#..........
......# ##.###.#
..#####.###
####### #.# #.#
..# #.# #.### #..#
##########.# #...#
#..# #..........#
###.# ....
#.########## #@#
.#..# #.# #K# #.#
#########r#
#.######.......pp#
..............†lp#
#.###.##.#######.#
#.# #.# #.# ...
#># ....


You could see Pikel, 3 slaves, a quokka and a frilled lizard.

Vanquished Creatures
  Duvessa (D:5)
  A necrophage (D:5)
  A sky beast (D:5)
  An ogre (D:4)
  Dowan (D:5)
  2 scorpions
  4 hounds
  A gnoll shaman (D:3)
  An orc priest (D:5)
  A bullfrog skeleton (D:5)
  3 orc wizards
  A centaur skeleton (D:2)
  A worker ant (D:4)
  A worker ant zombie (D:5)
  3 gnolls
  4 adders
  A shadow imp (D:5)
  An ooze (D:4)
  A worm (D:2)
  2 dart slugs (D:1)
  A leopard gecko (D:4)
  9 orcs
  A ball python (D:4)
  2 giant cockroaches
  6 goblins
  4 hobgoblins
  8 jackals
  3 quokkas
  8 bats
  5 frilled lizards
  2 kobolds (D:3)
  A leopard gecko skeleton (D:4)
  6 rats
88 creatures vanquished.

Vanquished Creatures (others)
  2 plants (D:5)
2 creatures vanquished.

Grand Total: 90 creatures vanquished

Notes
Turn   | Place    | Note
-------+----------+-------------------------------------------
     0 | D:1      | Naru the Hill Orc Monk began the quest for the Orb.
     0 | D:1      | Reached XP level 1. HP: 19/19 MP: 1/1
   273 | D:1      | Reached XP level 2. HP: 27/27 MP: 2/2
   931 | D:2      | Reached XP level 3. HP: 33/33 MP: 3/3
  1266 | D:2      | Reached skill level 5 in Axes
  1576 | D:2      | Reached XP level 4. HP: 38/41 MP: 4/4
  1742 | D:2      | Found a glowing golden altar of the Shining One.
  2039 | D:3      | Found a snail-covered altar of Cheibriados.
  2599 | D:3      | Reached skill level 6 in Axes
  2980 | D:3      | Found a stormy altar of Qazlal.
  3082 | D:3      | Reached XP level 5. HP: 40/47 MP: 5/5
  3756 | D:3      | Reached skill level 5 in Fighting
  4003 | D:4      | Reached XP level 6. HP: 51/56 MP: 6/6
  4011 | D:4      | Reached skill level 7 in Axes
  4159 | D:4      | Found an ancient bone altar of Kikubaaqudgha.
  4413 | D:4      | Reached skill level 8 in Axes
  4413 | D:4      | Reached XP level 7. HP: 28/62 MP: 7/7
  4854 | D:5      | Entered Level 5 of the Dungeon
  4878 | D:5      | Reached skill level 1 in Armour
  5042 | D:5      | Noticed Dowan
  5044 | D:5      | Noticed Duvessa
  5061 | D:5      | Killed Duvessa
  5061 | D:5      | Reached skill level 9 in Axes
  5077 | D:5      | HP: 3/63 [Dowan/dagger of protection (4)]
  5078 | D:5      | Killed Dowan
  5083 | D:5      | HP: 2/64 [hound (3)]
  5418 | D:5      | Became a worshipper of Beogh the Brigand
  5418 | D:5      | Reached * piety under Beogh
  5418 | D:5      | Reached ** piety under Beogh
  5453 | D:5      | Reached XP level 8. HP: 19/71 MP: 8/8
  5822 | D:5      | Noticed Pikel
  5853 | D:5      | HP: 3/71 [Pikel/whip of freezing (4)]
  5857 | D:5      | HP: 1/71 [Pikel/whip of freezing (1)]
  5858 | D:5      | Slain by Pikel

Skill      XL: |  1  2  3  4  5  6  7 |
---------------+----------------------+-----
Fighting       | 4 5 6 |  6.8
Axes           | 5 6 8 9 |  9.9
Dodging        | 3 |  3.4
Armour         | 2 |  2.4
Stealth        | |  1.5

Action                   |  1- 3 |  4- 6 |  7- 9 || total
-------------------------+-------+-------+-------++-------
Melee: Hand axe          |    62 |    62 |       ||   124
       War axe           |       |    99 |   131 ||   230
Invok: Convert to Beogh  |       |       |     1 ||     1
  Use: Scroll            |       |    10 |       ||    10
       Potion            |       |       |     2 ||     2
 Stab: Sleeping          |     2 |     3 |       ||     5
       Distracted        |       |     1 |       ||     1
  Eat: Ration            |     1 |     2 |     1 ||     4
       Chunk             |     1 |       |     3 ||     4
Armor: Robe              |     9 |    15 |       ||    24
       Scale mail        |       |    21 |    64 ||    85
Dodge: Dodged            |    45 |   114 |    80 ||   239
